 Dungeon Crawl Stone Soup version 0.31-a0-532-g28f74ba3e5 (webtiles) character file.

Game seed: 6955423697667034465

198 Shayle the Ruffian (level 5, -1/48 HPs)
             Began as an Ogre Shapeshifter on Aug 13, 2023.
             Was an Initiate of Kikubaaqudgha.
             Slain by a hound (2 damage)
             ... on level 4 of the Dungeon.
             The game lasted 00:03:39 (2507 turns).

Shayle the Ruffian (Ogre Shapeshifter)              Turns: 2507, Time: 00:03:39

Health: -1/48      AC:  3    Str: 19    XL:     5   Next: 77%
Magic:  11/11      EV:  9    Int: 11    God:    Kikubaaqudgha [......]
Gold:   106        SH:  0    Dex:  9    Spells: 12/12 levels left

rFire   . . .        l - +2 dagger (elec)
rCold   . . .        (no shield)
rNeg    . . .        a - +0 animal skin
rPois   .            (helmet currently unavailable)
rElec   .            (cloak currently unavailable)
rCorr   .            (gloves unavailable)
SInv    .            (boots unavailable)
Will    .....        (no amulet)
Stlth   +            (no ring)
HPRegen 0.28/turn    (no ring)
MPRegen 0.12/turn

%: no passive effects
@: beast-form
A: beast (slay +2), large, unfitting armour, tough skin 1
a: Begin Untransformation, Renounce Religion


You were on level 4 of the Dungeon.
You worshipped Kikubaaqudgha.
Kikubaaqudgha was noncommittal.
You were a hulking beast.
You visited 1 branch of the dungeon, and saw 4 of its levels.

You collected 106 gold pieces.

Inventory:

Hand Weapons
 l - a +2 dagger of electrocution (weapon)
Armour
 a - a +0 animal skin (worn)
Talismans
 c - a beast talisman (active)
 d - a flux talisman
Scrolls
 e - 2 scrolls of noise {unknown}
 f - a scroll of amnesia {unknown}
 k - a scroll of fear {unknown}
 n - a scroll of enchant weapon {unknown}
 o - a scroll of enchant armour {unknown}
Potions
 b - a potion of lignification
 g - a potion of mutation {unknown}
 h - a potion of enlightenment {unknown}
 i - a potion of attraction
 j - a potion of curing
 m - a potion of invisibility {unknown}


   Skills:
 - Level 1.3 Fighting
 - Level 1.7 Dodging
 - Level 4.0 Unarmed Combat
 + Level 4.0 Spellcasting
 + Level 1.6 Necromancy
 - Level 3.0 Shapeshifting


You had 12 spell levels left.
You didn't know any spells.
Your spell library was empty.

Dungeon Overview and Level Annotations

Branches:
Dungeon (4/15)
 Temple: D:4-7

Altars:
Dithmenos
Kikubaaqudgha


Innate Abilities, Weirdness & Mutations

You are a hulking beast.
Your limbs bulge with bestial killing power. (Slay +2)
You are too large for most types of armour.
You have tough skin. (AC +1)


Message History

* * * LOW HITPOINT WARNING * * *
You hit the gnoll. Lightning courses through the gnoll!!
You kill the gnoll!
Kikubaaqudgha accepts your kill.
Your Spellcasting skill increases to level 4!
You start resting.
Magic restored.
You start resting.
You hear the slow hiss of a very distant avalanche of sand.
Things that are here:
a +0 flail; a +0 spear; a gnoll corpse You feel less attractive to monsters.
A hound comes into view.
The hound barks!
You hit the hound.
The hound is moderately wounded.
The hound bites you but does no damage. The hound misses you.
You hit the hound.
The hound is heavily wounded.
The hound bites you but does no damage.
You closely miss the hound.
The hound is heavily wounded.
The hound closely misses you. The hound bites you.
* * * LOW HITPOINT WARNING * * *
You closely miss the hound.
The hound is heavily wounded.
The hound bites you.
* * * LOW HITPOINT WARNING * * *
You hit the hound.
The hound is severely wounded.
The hound bites you but does no damage. x2
You hit the hound.
The hound is almost dead.
The hound bites you.
* * * LOW HITPOINT WARNING * * *
You closely miss the hound.
The hound is almost dead.
The hound bites you.
You die...
Kikubaaqudgha rasps: "You have failed me!
Welcome... death!" #####################... ....))..........hh...... ########################

You could see a hound.

Vanquished Creatures
  A hound (D:3)
  Natasha (thrice) (D:2)
  3 gnolls (D:4)
  An adder (D:3)
  2 dart slugs (D:3)
  3 orcs (D:3)
  2 ball pythons (D:3)
  5 bats
  7 endoplasms
  2 giant cockroaches (D:2)
  3 goblins
  6 hobgoblins
  2 quokkas
  3 frilled lizards
  5 kobolds
  3 rats
51 creatures vanquished.

Notes
Turn   | Place    | Note
-------+----------+-------------------------------------------
     0 | D:1      | Shayle the Ogre Shapeshifter began the quest for the Orb.
     0 | D:1      | Reached XP level 1. HP: 19/19 MP: 1/1
   249 | D:1      | Reached skill level 1 in Spellcasting
   293 | D:1      | Reached XP level 2. HP: 24/27 MP: 3/3
   845 | D:2      | Noticed Natasha
   942 | D:2      | Killed Natasha
   943 | D:2      | Reached XP level 3. HP: 17/33 MP: 4/6
  1047 | D:2      | Found a faded altar of an unknown god.
  1347 | D:2      | Noticed Natasha
  1365 | D:2      | Killed Natasha
  1366 | D:2      | Reached XP level 4. HP: 26/41 MP: 6/8
  1598 | D:2      | Noticed Natasha
  1608 | D:2      | Killed Natasha
  1768 | D:3      | Found an ancient bone altar of Kikubaaqudgha.
  1784 | D:3      | Became a worshipper of Kikubaaqudgha
  1819 | D:3      | Reached XP level 5. HP: 36/48 MP: 8/10
  1936 | D:3      | Reached skill level 1 in Necromancy
  2231 | D:3      | Found a shadowy altar of Dithmenos.
  2470 | D:4      | HP: 1/48 [gnoll/+0 spear (3)]
  2506 | D:4      | HP: 1/48 [hound (4)]
  2507 | D:4      | Slain by a hound

Illustrated notes

Levels and vault maps discovered:
D:1:      dpeg_arrival_rooms_b, layout_basic
D:2:      layout_basic, serial_shops, nicolae_shop_just_a_little_nook,
          shapermc_ecumenical_altar_gd, uniq_natasha
D:3:      layout_rooms, lemuel_doored_altar,
          mainiacjoe_overflow_small_starburst, serial_curves, eino_curves_01,
          eino_curves_02, eino_curves_02, kennysheep_nondescript
D:4:      layout_loops_ring, kennysheep_mini_moat,
          nicolae_overflow_hallway_of_the_gods, minmay_temple_entry_large_hall,
          lightli_ossuary_entry_decrepit_ruins, uniq_duvessa

Skill      XL: |  1  2  3  4  5 |
---------------+----------------+-----
Spellcasting   | 1 2 3 4 |  4.0
Unarmed Combat | 3 4 |  4.0
Necromancy     | 1 |  1.6
Fighting       | |  1.3
Dodging        | |  1.7
Shapeshifting  | |  3.0

Action                     |  1- 3 |  4- 6 || total
---------------------------+-------+-------++-------
  Melee: Unarmed           |    83 |       ||    83
         Dagger            |    16 |    69 ||    85
         Punch             |     1 |     2 ||     3
    Use: Potion            |       |     2 ||     2
   Stab: Sleeping          |       |     1 ||     1
 Armour: Animal skin       |    32 |    23 ||    55
  Dodge: Dodged            |    49 |    34 ||    83

Table legend: (Time is in decaauts)
 A = Elapsed time spent in this place.
 B = Non-inter-level travel time spent in this place.
 C = Inter-level travel time spent in this place.
 D = Time resting spent in this place.
 E = Time spent auto-exploring this place.
 F = Levels seen in this place.
 G = Mean time per level.
                   A        B        C        D        E       F      G
               +--------+--------+--------+--------+--------+-----+--------+
         Total |   2504 |   2369 |    135 |    354 |   1554 |   4 |  626.0 |
       Dungeon |   2504 |   2369 |    135 |    354 |   1554 |   4 |  626.0 |
               +--------+--------+--------+--------+--------+-----+--------+

Top non-repeatable levels by time:
     D:1: 984 daAuts
     D:2: 738 daAuts
     D:3: 661 daAuts
     D:4: 119 daAuts
